 Dungeon Crawl Stone Soup version 0.21.1-1-g345015f (webtiles) character file.

2038 microfolk the Ruffian (level 9, -5/88 HPs)
             Began as a Troll Monk on Apr 19, 2018.
             Was an Elder of Elyvilon.
             Slain by a two-headed ogre
             ... wielding a +0 giant club
              (12 damage)
             ... on level 6 of the Dungeon.
             The game lasted 00:21:17 (6651 turns).

microfolk the Ruffian (Troll Monk)                  Turns: 6651, Time: 00:21:17

Health: -5/88      AC:  5    Str: 21    XL:     9   Next: 4%
Magic:  8/8        EV: 12    Int:  6    God:    Elyvilon [****..]
Gold:   398        SH:  0    Dex: 15    Spells: 8/8 levels left

rFire    . . .     SeeInvis .     - Unarmed
rCold    . . .     Gourm    +   (no shield)
rNeg     . . .     Faith    .   a - +0 robe
rPois    .         Spirit   .   (helmet restricted)
rElec    .         Reflect  .   (no cloak)
rCorr    .         Harm     .   (gloves unavailable)
MR       .....                  (boots unavailable)
Stlth    +.........             (no amulet)
HPRegen  0.64/turn              (no ring)
MPRegen  0.11/turn              z - ring of wizardry

@: heavily drained, very slow
A: large, unfitting armour, claws 3, fast metabolism 3, gourmand, regeneration
1, shaggy fur 1, tough skin 2
a: Lesser Healing, Heal Other, Purification, Greater Healing, Divine Protection,
Renounce Religion


You were on level 6 of the Dungeon.
You worshipped Elyvilon.
Elyvilon was greatly pleased with you.
You were hungry.

You visited 2 branches of the dungeon, and saw 9 of its levels.

You collected 418 gold pieces.
You spent 20 gold pieces at shops.

Inventory:

Hand Weapons
 b - a +0 blowgun
Missiles
 e - 167 stones (quivered)
 g - 3 curare-tipped needles
 h - 4 tomahawks
 m - 9 javelins
 n - 59 poisoned needles
 A - 5 steel tomahawks
Armour
 a - a +0 robe (worn)
 D - a +1 robe of magic resistance
Jewellery
 w - an uncursed ring of ice
 z - a ring of wizardry (right claw)
Wands
 p - a wand of flame (22)
 y - a wand of polymorph (21)
 B - a wand of enslavement (14)
Scrolls
 d - a scroll of acquirement {unknown}
 f - a scroll of fog
 i - 2 scrolls of amnesia
 j - a scroll of teleportation {unknown}
 k - 2 scrolls of fear
 l - a scroll of magic mapping {unknown}
 q - a scroll of blinking {unknown}
 v - a scroll of enchant weapon {unknown}
 x - 2 scrolls of noise {unknown}
Potions
 c - 2 potions of haste
 r - 3 potions of heal wounds
 s - 3 potions of curing
 C - a potion of ambrosia
 E - 2 potions of flight {unknown}
 F - a potion of might {unknown}
Books
 u - a book of Maledictions

   Spells                             Type                      Level
   a - Corona                         Hexes                        1
   b - Ensorcelled Hibernation        Hexes/Ice                    2
   c - Confuse                        Hexes                        3
   d - Tukima's Dance                 Hexes                        3
   e - Dazzling Spray                 Conjuration/Hexes            3
Comestibles
 t - 15 rations


   Skills:
 + Level 5.5(4.1) Fighting
 + Level 5.2(3.8) Throwing
 + Level 5.5(4.1) Dodging
 - Level 1.0(0.0) Stealth
 + Level 6.6(5.2) Unarmed Combat


You had 8 spell levels left.
You didn't know any spells.

Dungeon Overview and Level Annotations

Branches:
Dungeon (8/15)             Temple (1/1) D:7
   Lair: D:8-11

Altars:
Ashenzari
Cheibriados
Dithmenos
Elyvilon
Fedhas
Gozag
Hepliaklqana
Kikubaaqudgha
Makhleb
Nemelex Xobeh
Okawaru
Qazlal
Ru
Sif Muna
Trog
Uskayaw
Vehumet
Wu Jian
Xom
Yredelemnul
Zin
The Shining One

Shops:
D:6 (   D:8 ?*(*

Annotations:
D:4 Verendum's ghost, amateur GrAK
D:6 exclusion: downstairs
D:7 exclusion: downstairs, Verendum's ghost, novice MfAK
D:8 Joseph


Innate Abilities, Weirdness & Mutations

You are too large for most types of armour.
You have claws for hands.
Your metabolism is lightning-fast.
You like to eat raw meat.
Your natural rate of healing is unusually fast.
You are covered in fur. (AC +1)
You have very tough skin. (AC +2)


Message History

There is an escape hatch in the ceiling here.
The two-headed ogre hits you with a giant club!
The two-headed ogre hits you with a dire flail!
A mysterious force pulls you upwards. The hatch slams shut behind you.
Level annotation: exclusion: downstairs The two-headed ogre barely misses you.
The two-headed ogre hits you with a dire flail.
You enter the shallow water.
Moving in this stuff is going to be slow.
You are feeling hungry.
The two-headed ogre barely misses you.
The two-headed ogre hits you but does no damage.
The two-headed ogre hits you with a giant club!
The two-headed ogre hits you with a dire flail!!
* * * LOW HITPOINT WARNING * * *
The two-headed ogre hits you with a giant club!!
* * * LOW HITPOINT WARNING * * *
The two-headed ogre barely misses you.
The two-headed ogre hits you with a giant club!
You die...

#..#♣≈≈≈≈≈≈≈≈≈≈≈P♣###.#
##.♣P≈≈≈≈≈≈≈≈P≈≈≈≈≈##.#
#.♣≈≈≈≈≈≈≈≈≈≈P≈≈≈≈≈≈..##
.#.≈≈≈≈≈≈≈P≈≈♣≈≈.≈.P...#
.#..♣≈≈≈≈..≈...≈.≈≈....#
.......................#
...##...........≈≈≈≈P♣##
#####.....≈≈≈P≈PP≈≈♣♣≈#
### #..#♣≈≈≈≈≈≈O@≈♣P..#
..# #..##≈♣≈≈♣≈≈≈≈♣####
#.# #..##.♣♣♣♣♣♣♣♣# ..#
#..##.# ♣♣# ..###..##.##
#.# ...##..#...# #.#
...........# #.#
......##...# #.#####
..########## #.....#


You could see a two-headed ogre.

Vanquished Creatures
  A phantom (D:7)
  A sky beast (D:7)
  A black bear (D:6)
  An ogre (D:5)
  2 centaurs
  A bullfrog (D:7)
  2 scorpions
  4 wights
  5 killer bees (D:8)
  2 howler monkeys
  2 crimson imps
  A bullfrog zombie (D:6)
  A centaur zombie (D:5)
  3 orc priests
  An orc wizard (D:3)
  A hound (D:7)
  A jelly (D:6)
  2 centaur skeletons
  An iguana (D:5)
  Terence (D:2)
  4 worker ants
  A howler monkey skeleton (D:4)
  11 gnolls
  12 adders
  A shadow imp (D:7)
  2 worms (D:3)
  5 dart slugs
  3 leopard geckos
  30 orcs
  2 ball pythons
  17 bats
  10 giant cockroaches
  7 goblins
  8 hobgoblins
  7 jackals (D:1)
  12 kobolds
  3 quokkas
  5 frilled lizards
  A jackal skeleton (D:7)
  5 rats
180 creatures vanquished.

Notes
Turn   | Place    | Note
-------+----------+-------------------------------------------
     0 | D:1      | microfolk the Troll Monk began the quest for the Orb.
     0 | D:1      | Reached XP level 1. HP: 22/22 MP: 0/0
   112 | D:1      | Reached XP level 2. HP: 29/29 MP: 1/1
   396 | D:1      | Reached skill level 1 in Throwing
   468 | D:1      | Reached XP level 3. HP: 36/36 MP: 2/2
  1061 | D:2      | Found an iron altar of Okawaru.
  1080 | D:2      | Noticed Terence
  1096 | D:2      | Killed Terence
  1096 | D:2      | Reached XP level 4. HP: 43/45 MP: 3/3
  1500 | D:2      | Reached XP level 5. HP: 46/53 MP: 4/4
  1760 | D:3      | Reached skill level 4 in Unarmed Combat
  2385 | D:4      | Reached XP level 6. HP: 48/61 MP: 5/5
  2576 | D:4      | Found a sacrificial altar of Ru.
  2577 | D:4      | Found a deep blue altar of Sif Muna.
  2577 | D:4      | Found a stormy altar of Qazlal.
  2578 | D:4      | Found a white marble altar of Elyvilon.
  2590 | D:4      | Became a worshipper of Elyvilon the Healer
  2590 | D:4      | Reached * piety under Elyvilon
  2590 | D:4      | Reached ** piety under Elyvilon
  2724 | D:4      | Noticed Verendum's ghost (amateur GrAK)
  2891 | D:5      | Entered Level 5 of the Dungeon
  3045 | D:5      | Reached XP level 7. HP: 46/68 MP: 6/6
  3414 | D:5      | Found a sparkling altar of Nemelex Xobeh.
  3428 | D:5      | Got a translucent trident
  3637 | D:6      | Reached *** piety under Elyvilon
  3644 | D:5      | Reached skill level 5 in Unarmed Combat
  3796 | D:6      | Identified the cursed +2 trident "Afyrabyq" {pierce, +Fly Int+3} (You found it on level 5 of the Dungeon)
  3847 | D:6      | Found Nougapha's Antique Weapon Shoppe.
  4034 | D:6      | Found an ancient bone altar of Kikubaaqudgha.
  4434 | D:7      | Reached XP level 8. HP: 67/79 MP: 7/7
  4471 | D:7      | Noticed a two-headed ogre
  4558 | D:7      | Found a staircase to the Ecumenical Temple.
  4561 | D:7      | Reached **** piety under Elyvilon
  4564 | Temple   | Entered the Ecumenical Temple
  5083 | D:7      | Noticed Verendum's ghost (novice MfAK)
  5251 | D:7      | Reached skill level 5 in Fighting
  5251 | D:7      | Reached skill level 5 in Dodging
  5251 | D:7      | Reached skill level 6 in Unarmed Combat
  5608 | D:8      | Found an ornate altar of the Wu Jian Council.
  5849 | D:8      | Found Pibu's General Store.
  5882 | D:8      | Found Pimuir Xiwu's Antique Weapon Emporium.
  5897 | D:8      | Found Nuicolacw's Assorted Antiques.
  5911 | D:8      | Bought a fizzy golden potion for 20 gold pieces
  5948 | D:8      | Noticed Joseph
  6010 | D:8      | Reached skill level 5 in Throwing
  6096 | D:8      | Noticed a two-headed ogre
  6366 | D:8      | Found a shattered altar of Ashenzari.
  6403 | D:8      | Found Herr's Magic Scroll Shop.
  6431 | D:8      | Reached XP level 9. HP: 37/88 MP: 8/8
  6651 | D:6      | Slain by a two-headed ogre

Skill      XL: |  1  2  3  4  5  6  7  8 |
---------------+-------------------------+-----
Throwing       | 1 2 3 5 |  5.2
Fighting       | 3 4 5 |  5.5
Dodging        | 3 4 5 |  5.5
Unarmed Combat | 4 5 6 |  6.6
Stealth        | |  1.0

Action                   |  1- 3 |  4- 6 |  7- 9 || total
-------------------------+-------+-------+-------++-------
Melee: Unarmed           |   133 |   205 |   243 ||   581
       Punch             |     1 |     4 |     9 ||    14
Throw: Stone             |       |    21 |    26 ||    47
  Use: Scroll            |     1 |     7 |     4 ||    12
       Potion            |       |       |     1 ||     1
 Stab: Sleeping          |     1 |     3 |     3 ||     7
       Distracted        |       |       |     1 ||     1
  Eat: Chunk             |    16 |    17 |    25 ||    58
Armor: Robe              |    68 |    51 |    37 ||   156
       Skin              |       |       |    18 ||    18
Dodge: Dodged            |   110 |    91 |   107 ||   308
